Map: Ever Dream LE

Players

LLLLLLLLLLLL - Winner!

  • Race: Terran Terran
  • League: Master
  • Spawn Location: 1:00

OliVer

  • Race: Terran Terran
  • League: Master
  • Spawn Location: 7:00

VOD

Have the link to the VOD?

Description

Time

  • Played on: July 30, 2020, 1:24 p.m.
  • Length: 5:59
Show
View Real Time Build Order
Export as new Build Order

LLLLLLLLLLLL Terran - Winner!

Build Orders:  

Get SALT Encoding   

  12  0:00  SCV  
  13  0:12  SCV  
  14  0:18  Supply Depot  
  14  0:24  SCV  
  15  0:36  Refinery  
  15  0:39  SCV  
  16  0:44  Barracks  
  16  0:51  SCV  
  16  0:55  Refinery  
  17  1:04  SCV  
  18  1:16  SCV  
  19  1:32  Factory  
  19  1:34  Orbital Command  
  19  1:40  Reaper  
  20  1:56  Supply Depot  
  20  2:00  SCV, Bunker  
  21  2:12  Marine  
  21  2:13  Bunker  
  21  2:14  SCV  
  23  2:19  Bunker  
  23  2:27  Widow Mine  
  24  2:37  Marine  
  24  2:54  Widow Mine  
  24  2:55  Marine  
  24  2:57  SCV  
  28  3:05  Starport  
  28  3:09  SCV  
  28  3:12  Marine  
  29  3:18  Supply Depot  
  30  3:22  Factory Tech Lab  
  30  3:26  SCV  
  31  3:40  SCV  
  33  3:46  Barracks Tech Lab  
  33  3:47  Cyclone  
  35  3:54  SCV  
  36  4:00  Supply Depot  
  36  4:08  Command Center  
  36  4:10  SCV  
  37  4:18  Marine, Stimpack  
  37  4:19  Cloaking Field  
  37  4:21  Banshee  
  41  4:26  Siege Tank  
  44  4:32  Supply Depot  
  44  4:38  SCV  
  44  4:42  Marine  
  46  4:50  SCV  
  47  5:00  Siege Tank  
  47  5:03  SCV  
  51  5:09  Banshee  
  51  5:12  Marine  
  55  5:16  Supply Depot  
  55  5:19  SCV  
  53  5:23  Orbital Command  
  53  5:31  SCV  
  57  5:44  SCV  
  58  5:52  Command Center  
Show
View Real Time Build Order
Export as new Build Order

OliVer Terran 

Build Orders:  

Get SALT Encoding   

  12  0:01  SCV  
  13  0:13  SCV  
  14  0:18  Supply Depot  
  15  0:32  Refinery  
  15  0:40  Barracks  
  14  0:43  SCV  
  15  0:55  SCV  
  16  1:07  SCV  
  17  1:11  Barracks  
  17  1:25  Refinery  
  17  1:35  SCV  
  17  1:36  Supply Depot  
  18  1:40  Barracks Tech Lab  
  18  1:47  SCV  
  19  2:00  Concussive Shells, Marauder  
  21  2:11  Barracks Tech Lab  
  21  2:17  Factory  
  21  2:21  Marauder  
  23  2:34  Marauder  
  23  2:53  Marauder  
  23  2:56  Marauder  
  25  3:15  Factory Tech Lab  
  25  3:17  Marauder  
  25  3:19  Starport  
  21  3:44  Siege Tank  
  21  3:45  Orbital Command  
  22  3:56  Starport Reactor  
  22  4:16  Siege Tank  
  25  4:30  Supply Depot  
  25  4:33  Viking  
  25  4:34  Viking  
  25  4:36  Supply Depot  
  29  4:47  SCV  
  30  4:59  Siege Tank  
  33  5:03  Viking  
  33  5:05  Viking  
Tags
 
Matchup
TvT
Race
Terran
Spawn Locations
Cross Positions
Add a new tag
Caveats
  • Supply blocks, unpowered buildings, or Contaminate may cause inaccurate times.
  • Supply counts are checked every 10 seconds.